 Dungeon Crawl Stone Soup version 0.26-a0-639-g72c4674329 (webtiles) character file.

Game seed: 16049451147793666038

83573 DogServant the Frost Mage (level 15, 88/90 HPs)
             Began as a Gargoyle Ice Elementalist on Sept 17, 2020.
             Was a Priest of Sif Muna.
             Quit the game on level 14 of the Dungeon on Sept 18, 2020.
             The game lasted 02:33:34 (40196 turns).

DogServant the Frost Mage (GrIE)                   Turns: 40196, Time: 02:33:35

Health: 88/90      AC: 20    Str: 13    XL:     15   Next: 77%
Magic:  29/30      EV: 12    Int: 24    God:    Sif Muna [***...]
Gold:   418        SH:  0    Dex: 10    Spells: 8/36 levels left

rFire    + . .     SeeInvis .   F - +2 demon whip (vamp)
rCold    x . .     Faith    .   (no shield)
rNeg     + . .     Spirit   +   b - +2 robe {MR+}
rPois    ∞         Reflect  .   M - +1 helmet {Int+3}
rElec    +         Harm     .   j - +0 cloak
rCorr    .         Rampage  .   y - +0 pair of gloves
MR       ++...                  w - +0 pair of boots
Stlth    ++........             R - amulet of guardian spirit
HPRegen  0.25/turn              t - ring of fire
MPRegen  0.22/turn              O - ring of wizardry

@: flying
A: big wings, negative energy resistance 1, electricity resistance, unbreathing,
petrification resistance, rot immunity, AC +11
a: Stop Flying, Channel Magic, Forget Spell, Renounce Religion


You were on level 14 of the Dungeon.
You worshipped Sif Muna.
Sif Muna was most pleased with you.
You visited 5 branches of the dungeon, and saw 25 of its levels.
You also visited: Sewer.

You collected 2564 gold pieces.
You spent 2146 gold pieces at shops.

Inventory:

Hand Weapons
 v - a +2 flail of protection
 F - a +2 vampiric demon whip (weapon)
Armour
 a - a +1 robe
 b - a +2 robe of magic resistance (worn)
 j - a +0 cloak (worn)
 w - a +0 pair of boots (worn)
 y - a +0 pair of gloves (worn)
 z - +0 acid dragon scales
 M - a +1 helmet of intelligence (worn)
Magical Staves
 x - an uncursed staff of conjuration
 Q - an uncursed staff of air
Jewellery
 t - a ring of fire (left hand)
 L - a +6 ring of strength
 O - a ring of wizardry (right hand)
 R - an amulet of guardian spirit (around neck)
Wands
 l - a wand of digging (4)
 p - a wand of random effects (11)
 A - a wand of flame (61)
 G - a wand of disintegration (34)
 J - a wand of iceblast (20)
Scrolls
 c - 2 scrolls of teleportation
 g - 11 scrolls of remove curse
 h - a scroll of enchant weapon
 i - a scroll of holy word
 k - 2 scrolls of magic mapping
 m - 3 scrolls of enchant armour
 r - 4 scrolls of immolation
 D - 5 scrolls of identify
 K - a scroll of fog
Potions
 d - 3 potions of haste
 e - 4 potions of lignification
 f - 4 potions of curing
 n - 2 potions of ambrosia
 o - 3 potions of brilliance
 q - a potion of might
 s - 6 potions of heal wounds
 u - 4 potions of mutation
 B - 2 potions of invisibility
 C - a potion of stabbing
 H - a potion of magic
 I - a potion of resistance


   Skills:
 + Level 9.3 Fighting
 - Level 2.1(2.6) Maces & Flails
 - Level 2.1(2.6) Staves
 - Level 2.2 Armour
 - Level 2.4 Dodging
 - Level 3.0 Stealth
 + Level 11.0 Spellcasting
   Level 4.0 Conjurations
 - Level 9.7 Hexes
 - Level 6.8 Summonings
 + Level 9.1 Translocations
 * Level 12.2 Ice Magic
 - Level 4.5 Air Magic
 - Level 10.5 Invocations
 + Level 3.2 Evocations


You had 8 spell levels left.
You knew the following spells:

 Your Spells              Type           Power        Failure   Level
a - Ozocubu's Refrigerat  Ice            ######....   1%          6
b - Frozen Ramparts       Ice            ######       1%          3
c - Ozocubu's Armour      Ice            ######..     1%          3
e - Gell's Gravitas       Tloc           ######....   1%          3
f - Summon Ice Beast      Ice/Summ       ######..     1%          4
h - Metabolic Englaciati  Hex/Ice        ######....   1%          5
i - Summon Lightning Spi  Summ/Air       #####...     1%          4

Your spell library contained the following spells:

 Spells                   Type           Power        Failure   Level
 Corona                   Hex            ######.      1%          1
 Freeze                   Ice            ####         1%          1
 Magic Dart               Conj           ####         1%          1
 Sting                    Tmut/Pois      ##..         1%          1
 Summon Small Mammal      Summ           ####         1%          1
 Blink                    Tloc           N/A          1%          2
 Call Imp                 Summ           #####...     1%          2
 Ensorcelled Hibernation  Hex/Ice        ######       1%          2
 Poisonous Vapours        Pois/Air       ###...       1%          2
 Slow                     Hex            ######..     1%          2
 Call Canine Familiar     Summ           #####...     1%          3
 Confusing Touch          Hex            ######..     1%          3
 Dazzling Flash           Conj/Hex       #####.       1%          3
 Inner Flame              Hex/Fire       ######..     1%          3
 Mephitic Cloud           Conj/Pois/Air  ####....     1%          3
 Portal Projectile        Hex/Tloc       ######       1%          3
 Summon Guardian Golem    Hex/Summ       ######..     1%          3
 Cause Fear               Hex            ######....   1%          4
 Fulminant Prism          Conj/Hex       #####.....   1%          4
 Hailstorm                Conj/Ice       ######..     1%          4
 Ice Form                 Ice/Tmut       #####...     1%          4
 Conjure Flame            Conj/Fire      ####....     2%          3
 Leda's Liquefaction      Hex/Erth       #####.....   2%          4
 Silence                  Hex/Air        #####.....   2%          5
 Ignite Poison            Fire/Tmut/Pois ###.....     6%          3
 Invisibility             Hex            ######..     6%          6
 Yara's Violent Unravell  Hex/Tmut       #####.....   8%          5
 Freezing Cloud           Conj/Ice/Air   #####.....   16%         6
 Olgreb's Toxic Radiance  Pois           ##......     19%         4
 Petrify                  Tmut/Erth      ##......     19%         4
 Irradiate                Conj/Tmut      ###.......   22%         5
 Simulacrum               Ice/Necr       #####.....   24%         6
 Blade Hands              Tmut           ##........   45%         5
 Discord                  Hex            ######....   90%         8
 Absolute Zero            Ice            ######....   100%        9


Dungeon Overview and Level Annotations

Branches:
Dungeon (15/15)            Temple (0/1) D:4            Lair (6/6) D:11
  Swamp (1/4) Lair:3       Spider (1/4) Lair:4        Slime (0/5) Lair:6
    Orc (2/2) D:10            Elf (0/3) Orc:2         Sewer (visited)
 Vaults: D:13-14     Depths: D:15

Altars:
Cheibriados
Dithmenos
Elyvilon
Fedhas
Nemelex Xobeh
Okawaru
Qazlal
Sif Muna
Trog
Wu Jian
Xom
The Shining One
Beogh

Shops:
D:4 !   D:9 =   D:14 [   Orc:2 *?!:*[([

Portals:
Trove: D:11 (give 8 potions of haste)


Innate Abilities, Weirdness & Mutations

You are resistant to torment.
Your stone body is resilient. (AC +11)
You are immune to poison.
Your large and strong wings let you fly indefinitely.
You resist negative energy. (rN+)
You are resistant to electric shocks. (rElec)
You can survive without breathing.
You are immune to petrification.
You are immune to rotting.


Message History

A skeletal warrior is nearby!
A skeletal warrior is nearby!
A skeletal warrior is nearby! 2 skeletal warriors come into view.
A skeletal warrior comes into view. It is wielding a +0 broad axe.
A skeletal warrior comes into view. It is wielding a +0 hand axe.
The skeletal warrior closely misses you.
You whack the skeletal warrior!
The skeletal warrior is lightly damaged.
The teleport trap disappears.
The skeletal warrior disappears!
The skeletal warrior hits you but does no damage.
You barely miss the skeletal warrior.
The skeletal warrior is lightly damaged.
The skeletal warrior hits you with a +0 short sword.
Search for what [Enter for "book", or ? for help]?
Okay, then.
Unknown command.
Are you sure you want to abandon this character and quit the game? (Confirm with "yes".)
Okay, then.
Are you sure you want to abandon this character and quit the game? (Confirm with "yes".)

###........
.........#
.........#
........##
#zzz.....#
#........#
#######........#
........z......#
.#####@.......#
#.####.........#
#...............
######.#########
#†..#...
#.#.#.##.....#
#...)..+.....#
####..##.....#
#..##.....#


You could see 4 skeletal warriors.

Vanquished Creatures
  Agnes (Spider:1)
  2 entropy weavers (Spider:1)
  Nessos (Lair:6)
  A fire dragon (Lair:6)
  The ghost of Notrik the Warrior, a journeyman MiFi of Okawaru (D:10)
  The ghost of fly the Ruffian, a journeyman TrDe of Makhleb (D:11)
  Harold (D:7)
  9 hydras
  5 two-headed ogres
  2 orc high priests (Orc:2)
  Sonja (D:11)
  A fire crab (Lair:6)
  Nergalle (D:12)
  3 skeletal warriors (D:14)
  A lindwurm (Lair:3)
  A wizard (D:14)
  A swamp dragon (Lair:6)
  Pikel (D:9)
  2 orb spiders (Spider:1)
  An orc knight (D:11)
  2 ugly things
  5 wolf spiders
  A deep elf mage (D:14)
  An oklob plant (Lair:1)
  A cyclops (D:14)
  An orc sorcerer (Orc:2)
  A manticore (D:14)
  2 centaur zombies (D:11)
  14 elephants
  Psyche (D:11)
  4 black mambas
  9 cane toads
  Maggie (D:7)
  8 komodo dragons
  7 rime drakes
  A demonic crawler (Spider:1)
  2 guardian mummies (D:11)
  6 jumping spiders (Spider:1)
  6 trolls
  8 polar bears
  3 hornets
  4 raiju (Lair:6)
  A tyrant leech (Lair:3)
  8 slime creatures
  6 dream sheep
  4 hippogriffs
  4 blink frogs
  Sigmund (D:3)
  4 wyverns
  6 spriggans (Lair:2)
  8 tarantellas (Spider:1)
  23 yaks
  4 basilisks
  3 redbacks (Spider:1)
  2 steam dragons (Lair:6)
  5 wraiths
  4 vampire mosquitoes (D:13)
  13 wargs
  A swamp worm (Swamp:1)
  13 water moccasins
  11 hell hounds (Lair:6)
  An acid dragon (Lair:6)
  3 ice beasts
  Duvessa (D:4)
  10 porcupines
  14 black bears
  17 orc warriors
  2 swamp drakes (Lair:6)
  An eye of draining (D:11)
  A phantom (D:5)
  4 necrophages
  13 ogres
  29 wolves
  3 centaurs
  2 lemures (D:9)
  10 crocodiles
  3 big kobolds
  A gnoll sergeant (D:5)
  16 bullfrogs
  5 jellies
  Dowan (D:4)
  6 scorpions
  5 killer bees (D:11)
  22 wights
  2 howler monkeys (D:9)
  An electric eel (Lair:4)
  2 bullfrog zombies
  Crazy Yiuf (D:4)
  17 orc priests
  6 hounds
  32 orc wizards
  4 iguanas
  Natasha (thrice) (D:3)
  11 worker ants
  2 hell rats (Lair:3)
  A hound skeleton (D:4)
  Robin (D:3)
  8 gnolls
  15 adders
  12 river rats
  3 shadow imps
  2 white imps
  3 ufetubi
  2 oozes
  An adder skeleton (D:6)
  An adder zombie (D:8)
  7 worms
  2 dart slugs
  7 leopard geckos
  78 orcs
  8 bats
  5 giant cockroaches
  13 hobgoblins
  5 jackals
  13 quokkas
  2 ball pythons
  8 frilled lizards
  19 goblins
  16 kobolds
  2 leopard gecko skeletons
  2 quokka skeletons
  9 rats
742 creatures vanquished.

Vanquished Creatures (collateral kills)
  Josephine (Lair:6)
  A wolf spider zombie (D:14)
  3 orc sorcerers (Orc:2)
  2 ugly things (D:11)
  2 polar bears (Lair:6)
  A meliai zombie (D:12)
  A tarantella (Spider:1)
  A water moccasin (Lair:6)
  3 orc warriors (Orc:2)
  An ogre (Orc:1)
  2 crocodiles (Lair:6)
  5 orc priests (Orc:2)
  5 orc wizards (Orc:2)
  An iguana (Lair:6)
  2 gnolls (Orc:2)
  3 orcs
  2 goblins (Orc:1)
36 creatures vanquished.

Vanquished Creatures (others)
  A wraith (D:11)
  39 fungi
  95 plants
135 creatures vanquished.

Grand Total: 913 creatures vanquished

Notes
Turn   | Place    | Note
-------+----------+-------------------------------------------
     0 | D:1      | DogServant the Gargoyle Ice Elementalist began the quest
                  | for the Orb.
     0 | D:1      | Reached XP level 1. HP: 10/10 MP: 3/3
   273 | D:1      | Reached XP level 2. HP: 15/15 MP: 5/5
  1200 | D:2      | Reached XP level 3. HP: 16/19 MP: 0/6
  1244 | D:2      | Learned a level 3 spell: Frozen Ramparts
  1621 | D:2      | Found a stormy altar of Qazlal.
  1626 | D:2      | Found a blossoming altar of Fedhas.
  1924 | D:2      | Reached XP level 4. HP: 24/24 MP: 1/8
  2020 | D:2      | Reached skill level 5 in Ice Magic
  2217 | D:3      | Noticed Robin
  2229 | D:3      | Killed Robin
  2246 | D:3      | Noticed an ice beast
  2333 | D:3      | Found a shimmering blue altar of Sif Muna.
  2598 | D:3      | Noticed Sigmund
  2614 | D:3      | Killed Sigmund
  2614 | D:3      | Reached skill level 6 in Ice Magic
  2614 | D:3      | Reached XP level 5. HP: 21/28 MP: 0/11
  2614 | D:3      | Reached XP level 6. HP: 24/32 MP: 0/12
  2849 | D:3      | Noticed Natasha
  2888 | D:3      | Killed Natasha
  3035 | D:3      | Noticed Natasha
  3047 | D:3      | Killed Natasha
  3180 | D:3      | Noticed Natasha
  3186 | D:3      | Killed Natasha
  3512 | D:3      | Found an ornate altar of the Wu Jian Council.
  3675 | D:3      | Became a worshipper of Sif Muna the Loreminder
  3766 | D:4      | Found a staircase to the Ecumenical Temple.
  3964 | D:4      | Learned a level 3 spell: Ozocubu's Armour
  3968 | D:4      | Learned a level 3 spell: Confusing Touch
  3973 | D:4      | Learned a level 3 spell: Gell's Gravitas
  4004 | D:4      | Found a glowing golden altar of the Shining One.
  4097 | D:4      | Found Cimpis's Distillery.
  4105 | D:4      | Bought a potion of heal wounds for 50 gold pieces
  4202 | D:4      | Reached XP level 7. HP: 36/36 MP: 10/14
  4360 | D:4      | Found a shimmering altar of Xom.
  4360 | D:4      | Found a white marble altar of Elyvilon.
  4412 | D:4      | Found a runed translucent door.
  4412 | D:4      | Noticed Duvessa
  4412 | D:4      | Noticed Dowan
  4413 | D:4      | Noticed Crazy Yiuf
  4549 | D:4      | Killed Crazy Yiuf
  4549 | D:4      | Reached skill level 1 in Fighting
  4550 | D:4      | Killed Duvessa
  4550 | D:4      | Reached skill level 1 in Hexes
  4551 | D:4      | Killed Dowan
  4551 | D:4      | Reached skill level 5 in Spellcasting
  4661 | D:5      | Entered Level 5 of the Dungeon
  4758 | D:5      | Found an iron altar of Okawaru.
  4770 | D:5      | HP: 1/40 [gnoll/+0 spear (7)]
  4920 | D:5      | Reached XP level 8. HP: 32/46 MP: 11/15
  4943 | D:5      | Reached skill level 7 in Ice Magic
  4967 | D:5      | Found a glowing drain.
  4987 | Sewer    | Entered a sewer
  5394 | Sewer    | Found a white marble altar of Elyvilon.
  5702 | D:5      | Reached * piety under Sif Muna
  5761 | D:5      | Reached skill level 1 in Maces & Flails
  6274 | D:5      | Found a shadowy altar of Dithmenos.
  6275 | D:5      | Found a bloodstained altar of Trog.
  6327 | D:5      | Reached skill level 1 in Invocations
  7246 | D:5      | Reached XP level 9. HP: 18/53 MP: 14/17
  7581 | D:6      | Reached skill level 5 in Fighting
  7711 | D:6      | Found a sparkling altar of Nemelex Xobeh.
  8565 | D:7      | Reached ** piety under Sif Muna
  8810 | D:7      | Reached skill level 8 in Ice Magic
  8983 | D:7      | Learned a level 4 spell: Summon Ice Beast
  9032 | D:7      | Noticed Maggie
  9049 | D:7      | Killed Maggie
  9066 | D:7      | Noticed Harold
  9107 | D:7      | Killed Harold
  9107 | D:7      | Reached skill level 1 in Summonings
  9107 | D:7      | Reached skill level 1 in Translocations
  9107 | D:7      | Reached XP level 10. HP: 33/61 MP: 1/20
  9889 | D:7      | Found a snail-covered altar of Cheibriados.
 10243 | D:8      | Reached *** piety under Sif Muna
 10628 | D:8      | Found a sparkling altar of Nemelex Xobeh.
 11168 | D:9      | Found Uqiamoc's Jewellery Boutique.
 11361 | D:9      | Learned a level 4 spell: Hailstorm
 11719 | D:9      | Noticed Pikel
 11732 | D:9      | Killed Pikel
 11732 | D:9      | Reached skill level 5 in Hexes
 11732 | D:9      | Reached skill level 5 in Invocations
 12282 | D:10     | Entered Level 10 of the Dungeon
 12327 | D:10     | Reached **** piety under Sif Muna
 12335 | D:10     | Reached XP level 11. HP: 60/67 MP: 17/21
 12335 | D:10     | Reached skill level 9 in Ice Magic
 12397 | D:10     | Found a staircase to the Orcish Mines.
 12550 | D:10     | Found a runed translucent gate.
 12550 | D:10     | Found a runed translucent gate.
 12550 | D:10     | Found a runed translucent gate.
 12551 | D:10     | Noticed a 12-headed hydra
 12551 | D:10     | Noticed an 11-headed hydra
 12551 | D:10     | Noticed Notrik's ghost (journeyman MiFi)
 12645 | D:10     | Noticed a brown ugly thing
 12815 | D:11     | Reached skill level 1 in Conjurations
 13046 | D:11     | Found a transporter.
 13047 | D:11     | Noticed a two-headed ogre
 13049 | D:11     | Noticed fly's ghost (journeyman TrDe)
 13050 | D:11     | Noticed a two-headed ogre
 13051 | D:11     | Noticed a two-headed ogre
 13058 | D:11     | Found a transporter.
 13060 | D:11     | Noticed Psyche
 13091 | D:11     | Killed Psyche
 13241 | D:11     | Found a staircase to the Lair.
 13688 | D:11     | Reached ***** piety under Sif Muna
 13903 | D:11     | Noticed an orc knight
 13925 | D:11     | Killed an orc knight
 14384 | D:11     | Noticed Sonja
 14738 | D:11     | Noticed a two-headed ogre
 14758 | D:11     | Killed a two-headed ogre
 15318 | D:11     | Noticed a white ugly thing
 15318 | D:11     | Noticed a cyan ugly thing
 15335 | D:12     | Noticed a cyan ugly thing
 15348 | D:12     | Killed a cyan ugly thing
 15348 | D:12     | Reached skill level 1 in Armour
 15486 | D:12     | Noticed Nergalle
 15503 | D:12     | Killed Nergalle
 16117 | D:11     | Killed Sonja
 16117 | D:11     | Reached XP level 12. HP: 35/72 MP: 3/24
 16677 | D:9      | Bought an uncursed ring of wizardry for 390 gold pieces
 17016 | D:9      | Learned a level 5 spell: Metabolic Englaciation
 17664 | D:12     | Reached skill level 5 in Summonings
 17672 | D:12     | Reached skill level 5 in Translocations
 18088 | D:12     | Noticed a four-headed hydra
 18107 | D:12     | Killed a four-headed hydra
 18396 | D:13     | Noticed a two-headed ogre
 18510 | D:13     | Killed a two-headed ogre
 18717 | D:13     | Found an iron altar of Okawaru.
 19294 | Lair:1   | Entered Level 1 of the Lair of Beasts
 20075 | D:11     | Found a portal to a secret trove of treasure.
 21025 | Lair:2   | Reached XP level 13. HP: 54/76 MP: 11/26
 21879 | Lair:2   | Reached skill level 10 in Ice Magic
 23118 | Lair:3   | Found a staircase to the Swamp.
 23876 | Orc:1    | Entered Level 1 of the Orcish Mines
 23965 | Orc:2    | Entered Level 2 of the Orcish Mines
 23994 | Orc:2    | Found Jidaema's Magic Scroll Shop.
 23997 | Orc:2    | Found Gacvoliuc's Assorted Antiques.
 24036 | Orc:2    | Bought a runed demon whip for 450 gold pieces
 24036 | Orc:2    | Bought a metal-bound book for 375 gold pieces
 24042 | Orc:2    | Learned a level 4 spell: Summon Lightning Spire
 24053 | Orc:2    | Found Fablaahe's Distillery.
 24234 | Orc:2    | Found a staircase to the Elven Halls.
 24279 | Orc:2    | Identified Sif Muna's Almanac of the Shifting Snowflakes
                  | (Sif Muna gifted it to you on level 2 of the Orcish Mines)
 24279 | Orc:2    | Received a gift from Sif Muna
 24639 | Orc:2    | Reached skill level 1 in Air Magic
 24685 | Orc:2    | Paralysed by an orc sorcerer for 3 turns
 24901 | Orc:2    | Found Ryrhican's Armour Shoppe.
 24901 | Orc:2    | Found Xeto's Antique Weapon Shoppe.
 24902 | Orc:2    | Found Byir Ocu's Assorted Antiques.
 24905 | Orc:2    | Found Jixiug's Book Emporium.
 25755 | Orc:2    | Found Diunt's Antique Armour Shoppe.
 26372 | Orc:1    | Found a roughly hewn altar of Beogh.
 27137 | Lair:4   | Gained mutation: Your large and strong wings let you fly
                  | indefinitely. [Gargoyle growth]
 27137 | Lair:4   | Reached XP level 14. HP: 83/83 MP: 23/27
 27365 | Lair:4   | Found a hole to the Spider Nest.
 28107 | Lair:5   | Identified Sif Muna's Compendium of Enchantment (Sif Muna
                  | gifted it to you on level 5 of the Lair of Beasts)
 28107 | Lair:5   | Received a gift from Sif Muna
 28773 | Lair:5   | Reached skill level 10 in Spellcasting
 29116 | Lair:6   | Entered Level 6 of the Lair of Beasts
 29759 | Lair:6   | Reached skill level 10 in Invocations
 29779 | Lair:6   | Reached skill level 11 in Ice Magic
 29960 | Lair:6   | Noticed Nessos
 31301 | Lair:6   | Killed Nessos
 31360 | Lair:6   | Identified Sif Muna's Catalogue of Snow (Sif Muna gifted it
                  | to you on level 6 of the Lair of Beasts)
 31360 | Lair:6   | Received a gift from Sif Muna
 32165 | D:11     | Killed fly's ghost
 32165 | D:11     | Reached XP level 15. HP: 27/90 MP: 11/29
 33120 | D:10     | Killed Notrik's ghost
 33120 | D:10     | Reached skill level 1 in Staves
 33761 | Lair:6   | Noticed Josephine
 34172 | Lair:6   | Killed Josephine
 34172 | Lair:6   | Reached skill level 1 in Evocations
 34558 | Lair:6   | Learned a level 6 spell: Freezing Cloud
 34794 | Orc:2    | Bought a book of Ice for 650 gold pieces
 34811 | Orc:2    | Bought a +1 helmet of intelligence for 231 gold pieces
 35996 | Lair:6   | Found a staircase to the Slime Pits.
 36259 | Lair:6   | Learned a level 6 spell: Ozocubu's Refrigeration
 36566 | Spider:1 | Entered Level 1 of the Spider Nest
 36823 | Spider:1 | Noticed Agnes
 36842 | Spider:1 | Killed Agnes
 37465 | Spider:1 | Reached skill level 12 in Ice Magic
 38155 | Swamp:1  | Entered Level 1 of the Swamp
 38672 | D:15     | Entered Level 15 of the Dungeon
 40094 | D:14     | Found Ficyi's Armour Emporium.
 40196 | D:14     | Quit the game

Illustrated notes

Levels and vault maps discovered:
D:1:      ncdulo_wetmaze, layout_loops_cross, kennysheep_nondescript
D:2:      layout_rooms, grunt_temple_overflow_forces_of_nature
D:3:      layout_basic, old_standard_altar, lemuel_round_altar,
          grunt_ministairs_2, uniq_natasha, uniq_robin, uniq_sigmund
D:4:      layout_rooms, gammafunk_temple_overflow_wave, tso_metal_star,
          minmay_temple_entry_poolview, serial_shops, nicolae_shop_statue_plus,
          minivault_4, kennysheep_generic_room_14, uniq_crazy_yiuf_cottage,
          uniq_duvessa
D:5:      layout_basic, gammafunk_temple_overflow_claw,
          cheibrodos_sewer_entry_bend, hangedman_decor_push,
          minmay_fractal_squares_5
D:6:      layout_cave_pools, minmay_fountain_box, nemelex_spade_bored_becter
D:7:      layout_basic, cheibrodos_worm_habitat, uniq_harold, uniq_maggie
D:8:      layout_basic, nemelex_altar_shiori, kennysheep_generic_room_9
D:9:      layout_roguey, serial_shops, kennysheep_mini, dk_noncrumbling_4,
          uniq_pikel
D:10:     layout_basic, orc_0_dummy, gammafunk_ghost_hydra_chop
D:11:     cheibrodos_orc_bank, layout_irregular_city,
          grunt_lair_entry_orc_guard_hut, gammafunk_ghost_smash,
          nicolae_trove_entry_path_of_doom, uniq_sonja, uniq_psyche
D:12:     layout_gridville, uniq_nergalle
D:13:     layout_basic, lemuel_statue_altar
D:14:     layout_basic, grunt_vaults_entry_tiered, serial_shops, shop_statue
D:15:     hangedman_depths_entry_civil_slaughter, layout_loops_ring,
          gammafunk_ghost_crypt, roderic_lattice_a, billiards_dpeg
Lair:1:   layout_regular_city, minmay_lair_oklob_chamber
Lair:2:   kb_forest_paths, layout_cave_pods, serial_bayou_shore_b
Lair:3:   layout_long_grid, minmay_swamp_entry_worms, st_stairs_4,
          kennysheep_rathole
Lair:4:   layout_loops_ring, nicolae_spider_entry_non_spiders,
          serial_bayou_shore_a, grunt_megastairs_5
Lair:5:   layout_cave_shapes, st_stairs_4
Lair:6:   guppyfry_lair_end_dragon, layout_misc_corridors,
          hangedman_lair_caniforms_friends, dpeg_slime_entry_corner,
          nicolae_lair_grove_arrangements, st_stairs_10, uniq_josephine,
          uniq_nessos
Swamp:1:  layout_basic_swamp, evilmike_swamp_ruin_house_6
Spider:1: nicolae_spider_hall_of_the_moth_king, uniq_agnes
Orc:1:    layout_caves, basic_altar, enter_bailey_3
Orc:2:    st_orc_mages, layout_caves, serial_shops,
          nicolae_shop_overgrown_old_shop, shop, shop, shop, mines5_lemuel

Skill      XL: |  1  2  3  4  5  6  7  8  9 10 11 12 13 14 15 |
---------------+----------------------------------------------+-----
Ice Magic      | 6 7 8 9 10 11 12 | 12.2
Spellcasting   | 4 5 6 7 8 9 10 11 | 11.0
Fighting       | 3 4 6 7 9 |  9.3
Hexes          | 1 3 4 5 6 7 8 9 |  9.7
Maces & Flails | 1 2 |  2.1
Invocations    | 1 4 5 6 8 9 10 | 10.5
Dodging        | 2 |  2.4
Stealth        | 3 |  3.0
Summonings     | 1 3 4 6 |  6.8
Translocations | 1 3 4 6 7 8 9 |  9.1
Conjurations   | 2 4 |  4.0
Armour         | 2 |  2.2
Air Magic      | 2 4 |  4.5
Staves         | 2 |  2.1
Evocations     | 3 |  3.2

Action                   |  1- 3 |  4- 6 |  7- 9 | 10-12 | 13-15 || total
-------------------------+-------+-------+-------+-------+-------++-------
Melee: Unarmed           |    16 |       |       |       |       ||    16
       Whip              |    34 |    45 |   146 |       |       ||   225
       Flail             |       |       |    64 |   529 |   180 ||   773
       Dagger            |       |       |    46 |       |       ||    46
       Demon whip        |       |       |       |       |   420 ||   420
       Staff             |       |       |       |       |   179 ||   179
 Cast: Freeze            |    51 |    27 |    43 |    13 |     5 ||   139
       Frozen Ramparts   |     2 |    21 |    49 |   131 |   171 ||   374
       Ozocubu's Armour  |       |       |     6 |    26 |    42 ||    74
       Confusing Touch   |       |       |    16 |    29 |    15 ||    60
       Gell's Gravitas   |       |       |       |    21 |    67 ||    88
       Summon Ice Beast  |       |       |       |     5 |    13 ||    18
       Hailstorm         |       |       |       |     4 |    65 ||    69
       Metabolic Englaci |       |       |       |     7 |    11 ||    18
       Summon Lightning  |       |       |       |       |    27 ||    27
       Ozocubu's Refrige |       |       |       |       |    38 ||    38
Invok: Channel Magic     |       |       |       |     1 |     9 ||    10
       Forget Spell      |       |       |       |       |     1 ||     1
 Abil: Fly               |       |       |       |       |     1 ||     1
  Use: Scroll            |       |       |    12 |    10 |    20 ||    42
       Potion            |       |       |     4 |       |     2 ||     6
 Stab: Sleeping          |     1 |     1 |     2 |     4 |     1 ||     9
       Confused          |       |       |     8 |    13 |     4 ||    25
       Distracted        |       |       |       |       |     4 ||     4
Armor: Robe              |    35 |    39 |   142 |   317 |   230 ||   763
       Troll leather arm |       |       |       |   130 |   565 ||   695
Dodge: Dodged            |    74 |    64 |   211 |   479 |   731 ||  1559

Table legend: (Time is in decaauts)
 A = Elapsed time spent in this place.
 B = Non-inter-level travel time spent in this place.
 C = Inter-level travel time spent in this place.
 D = Time resting spent in this place.
 E = Time spent auto-exploring this place.
 F = Levels seen in this place.
 G = Mean time per level.
                   A        B        C        D        E       F      G
               +--------+--------+--------+--------+--------+-----+--------+
         Total |  40609 |  37340 |   3269 |  14759 |  14374 |  26 | 1561.9 |
       Dungeon |  23321 |  21545 |   1776 |   8175 |   8565 |  15 | 1554.7 |
          Lair |  13271 |  11936 |   1335 |   4870 |   4639 |   6 | 2211.8 |
         Swamp |     27 |     27 |      0 |      0 |      0 |   1 |   27.0 |
   Spider Nest |    590 |    590 |      0 |    336 |     56 |   1 |  590.0 |
  Orcish Mines |   2909 |   2752 |    157 |   1126 |    945 |   2 | 1454.5 |
         Sewer |    490 |    490 |      0 |    252 |    169 |   1 |  490.0 |
               +--------+--------+--------+--------+--------+-----+--------+

Top non-repeatable levels by time:
  Lair:6: 4547 daAuts
    D:11: 4532 daAuts
     D:5: 2479 daAuts
  Lair:4: 2199 daAuts
    D:12: 1947 daAuts
    D:14: 1946 daAuts
  Lair:5: 1873 daAuts
  Lair:3: 1835 daAuts
   Orc:2: 1727 daAuts
     D:9: 1710 daAuts
  Lair:2: 1700 daAuts
     D:7: 1605 daAuts
    D:10: 1566 daAuts
     D:3: 1415 daAuts
     D:8: 1235 daAuts
